 Dungeon Crawl Stone Soup version 0.30-b1-2-g02819fbbbe (webtiles) character file.

Game seed: 9436493963709184573

21135 LLlMATKO the Cleaver (level 12, -3/113 HPs)
             Began as a Minotaur Berserker on May 29, 2023.
             Was a High Priest of Trog.
             Slain by Frances
             ... wielding a +0 short sword of distortion
              (5 damage)
             ... on level 14 of the Dungeon.
             The game lasted 00:11:43 (15656 turns).

LLlMATKO the Cleaver (Minotaur Berserker)          Turns: 15656, Time: 00:11:44

Health: -3/113     AC: 11    Str: 26    XL:     12   Next: 51%
Magic:  11/11      EV: 11    Int:  4    God:    Trog [*****.]
Gold:   607        SH:  8    Dex: 11    Spells: 11/11 levels left

rFire   + . .        G - +0 war axe
rCold   + . .        c - +2 buckler
rNeg    . . .        w - +0 plate armour
rPois   .            (helmet restricted)
rElec   +            s - scarf {rC+ rF+}
rCorr   .            (no gloves)
SInv    +            N - +2 pair of boots {Fly}
Will    .....        Y - amulet "Joewa" {Acrobat rElec} Stlth
                     H - ring of see invisible
HPRegen 0.38/turn    (no ring)
MPRegen 0.12/turn

%: acrobat
@: corroded, on berserk cooldown, flying, slowed, very slow
A: horns 2, retaliatory headbutt
a: Renounce Religion, Berserk, Trog's Hand, Brothers in Arms


You were on level 14 of the Dungeon.
You worshipped Trog.
Trog was extremely pleased with you.
You visited 1 branch of the dungeon, and saw 14 of its levels.

You collected 908 gold pieces.
You spent 301 gold pieces at shops.

Inventory:

Hand Weapons
 G - a +0 war axe (weapon)
Missiles
 i - 39 poisoned darts (quivered)
 q - 4 silver javelins
 y - 15 boomerangs
 D - 5 throwing nets
 I - 3 javelins
 V - 5 curare-tipped darts
Armour
 c - a +2 buckler (worn)
 s - a scarf of resistance (worn)
 w - a +0 plate armour (worn)
 N - a +2 pair of boots of flying (worn)
Jewellery
 a - an amulet of faith
 H - a ring of see invisible (left hand)
 J - a ring of fire
 R - a ring of ice
 S - a ring of poison resistance
 T - a +6 ring of dexterity
 Y - the amulet "Joewa" (around neck) {Acrobat rElec}
   (You found it on level 13 of the Dungeon)

   [amulet of the acrobat]

   It increases your evasion while moving and waiting.
   rElec:     It insulates you from electricity.
Wands
 r - a wand of flame (40)
 E - a wand of light (21)
 O - a wand of roots (2)
Scrolls
 b - 3 scrolls of fog {unknown}
 d - 20 scrolls of identify {unknown}
 e - 5 scrolls of vulnerability {unknown}
 f - 4 scrolls of blinking {unknown}
 j - 3 scrolls of immolation {unknown}
 k - 6 scrolls of teleportation {unknown}
 l - a scroll of enchant armour {unknown}
 n - 2 scrolls of silence {unknown}
 u - 2 scrolls of magic mapping {unknown}
 x - 2 scrolls of torment {unknown}
 A - a scroll of summoning {unknown}
 B - a scroll of fear {unknown}
 K - 2 scrolls of poison {unknown}
 L - 2 scrolls of noise {unknown}
 M - 3 scrolls of amnesia {unknown}
 Q - 2 scrolls of enchant weapon {unknown}
Potions
 g - 4 potions of degeneration {unknown}
 h - 6 potions of heal wounds {unknown}
 m - 5 potions of might {unknown}
 o - 9 potions of curing {unknown}
 p - 5 potions of haste {unknown}
 t - 3 potions of flight {unknown}
 v - 2 potions of brilliance {unknown}
 z - 6 potions of attraction {unknown}
 C - 4 potions of mutation {unknown}
 F - 3 potions of resistance {unknown}
 P - a potion of ambrosia {unknown}
 U - a potion of berserk rage {unknown}
 W - a potion of cancellation {unknown}
 X - a potion of lignification {unknown}


   Skills:
 + Level 12.4 Fighting
 + Level 12.5 Axes
 + Level 12.2 Armour
 + Level 11.2 Dodging
 + Level 8.3 Shields


You had 11 spell levels left.
You didn't know any spells.
Your spell library was empty.

Dungeon Overview and Level Annotations

Branches:
Dungeon (14/15)            Temple (0/1) D:5            Lair (0/5) D:8
    Orc (0/2) D:9
 Vaults: D:13-14

Altars:
Cheibriados
Dithmenos
Elyvilon
Fedhas
Hepliaklqana
Makhleb
Nemelex Xobeh
Ru
Vehumet
Wu Jian
Xom
Yredelemnul
Zin
The Shining One

Shops:
D:9 *   D:10 [

Annotations:
D:14 Frances


Innate Abilities, Weirdness & Mutations

You have a pair of horns on your head.
You reflexively headbutt those who attack you in melee.


Message History

You slash the rust devil!
The rust devil is heavily wounded.
The rust devil barely misses you.
You barely miss the rust devil.
The rust devil is heavily wounded.
Unknown command.
You slash the rust devil! You headbutt the rust devil.
The rust devil is severely wounded.
Unknown command.
You closely miss Frances.
Frances is moderately wounded.
Unknown command.
You slash Frances! You headbutt Frances.
Frances is heavily wounded.
Frances closely misses you.
Unknown command.
You slice Frances!! You headbutt Frances.
Frances is severely wounded.
You are no longer berserk.
You are exhausted.
You feel yourself slow down. You block Frances's attack.
You slash Frances!
Frances is severely wounded.
Frances chants phrases taken from a devil's mouth.
The shard of ice hits you!! You partially resist.
Frances screams a word of power!
The iron shot hits you!!!
* * * LOW HITPOINT WARNING * * *
You are too injured to fight recklessly!
Unknown command.
You are too injured to fight recklessly!
Unknown command.
You are too injured to fight recklessly!
You hit Frances but do no damage.
Frances is severely wounded.
Frances chants phrases taken from a devil's mouth.
The iron shot hits you!!
* * * LOW HITPOINT WARNING * * *
Frances hits you but does no damage. Space warps around you.
You die...

#############
........@...###
.#..#@ยง#@....#
............#.#
..#..#..#...#.####
............#.##.######.#
#####
##############...........#
..#.# #.###.##.##
####.######## .##.#
#.........# #.# ....#
##.##.###.# #.# .####
#.##.# #.# #.#


You could see Frances (fast).

Vanquished Creatures
  Erica (D:8)
  A centaur warrior (D:13)
  2 two-headed ogres
  A boulder beetle (D:13)
  A deep elf pyromancer (D:14)
  2 ugly things
  A manticore (D:13)
  2 cyclopes
  A gargoyle (D:13)
  2 komodo dragons
  An unseen horror (D:13)
  2 kobold demonologists
  6 trolls
  2 hornets
  A merfolk (D:11)
  Prince Ribbit (D:7)
  5 wyverns
  11 slime creatures
  2 shadows
  A vampire (D:11)
  10 yaks
  2 wraiths
  A water elemental (D:11)
  A hog (shapeshifter) (D:13)
  3 steam dragons
  5 vampire mosquitoes
  A sky beast (D:7)
  4 orc warriors
  An ice beast (D:7)
  11 black bears
  A wolf (D:8)
  2 ogres (D:5)
  12 centaurs
  2 phantoms
  8 bullfrogs
  4 kobold brigands
  A gnoll sergeant (D:11)
  2 scorpions
  4 killer bees (D:9)
  11 electric eels
  5 howler monkeys
  2 jellies (D:4)
  5 gnoll boudas
  9 hounds
  6 orc priests
  A sleepcap (D:8)
  Ijyb (D:3)
  Natasha (thrice) (D:3)
  3 iguanas
  9 orc wizards
  Robin (D:3)
  6 adders
  20 gnolls
  2 shadow imps
  2 white imps
  2 ufetubi
  A worm (D:3)
  A dart slug (D:3)
  21 orcs
  13 endoplasms
  2 giant cockroaches
  10 goblins
  12 hobgoblins
  2 jackals (D:5)
  3 quokkas
  5 ball pythons
  10 bats
  4 frilled lizards
  20 kobolds
  8 rats
  A bush (D:11)
322 creatures vanquished.

Vanquished Creatures (others)
  A water elemental (D:11)
  A hound (D:8)
  A bush (D:11)
  A fungus (D:2)
  27 plants
31 creatures vanquished.

Grand Total: 353 creatures vanquished

Notes
Turn   | Place    | Note
-------+----------+-------------------------------------------
     0 | D:1      | LLlMATKO the Minotaur Berserker began the quest for the
                  | Orb.
     0 | D:1      | Reached XP level 1. HP: 19/19 MP: 0/0
    64 | D:1      | Reached XP level 2. HP: 19/27 MP: 1/1
   705 | D:2      | Reached XP level 3. HP: 33/33 MP: 2/2
   723 | D:2      | Reached ** piety under Trog
   921 | D:2      | Reached XP level 4. HP: 41/41 MP: 3/3
  1049 | D:2      | Found a faded altar of an unknown god.
  1459 | D:3      | Noticed Ijyb
  1468 | D:3      | Killed Ijyb
  1514 | D:3      | Found a glowing golden altar of the Shining One.
  1515 | D:3      | Found a white marble altar of Elyvilon.
  1530 | D:3      | Noticed Natasha
  1537 | D:3      | Killed Natasha
  1567 | D:3      | Reached XP level 5. HP: 42/47 MP: 4/4
  1599 | D:3      | Noticed Natasha
  1608 | D:3      | Killed Natasha
  1635 | D:3      | Noticed Natasha
  1643 | D:3      | Killed Natasha
  1726 | D:3      | Noticed Robin
  1736 | D:3      | Killed Robin
  1923 | D:3      | Reached skill level 5 in Fighting
  2079 | D:3      | Reached skill level 5 in Axes
  2097 | D:3      | Found a snail-covered altar of Cheibriados.
  2125 | D:3      | Found a shadowy altar of Dithmenos.
  2278 | D:4      | Reached XP level 6. HP: 56/56 MP: 5/5
  2367 | D:4      | Reached *** piety under Trog
  2382 | D:4      | Found the +8 demon trident "Rift" {distort, reach+}
  3193 | D:4      | Reached skill level 5 in Armour
  3193 | D:4      | Reached XP level 7. HP: 37/62 MP: 6/6
  3740 | D:5      | Entered Level 5 of the Dungeon
  4056 | D:5      | Found a staircase to the Ecumenical Temple.
  4473 | D:5      | Reached skill level 5 in Dodging
  5171 | D:6      | Found an ornate altar of the Wu Jian Council.
  5184 | D:6      | Reached XP level 8. HP: 67/70 MP: 7/7
  5292 | D:6      | Found a basalt altar of Yredelemnul.
  5505 | D:6      | Found a burning altar of Makhleb.
  5856 | D:6      | Reached **** piety under Trog
  6467 | D:7      | Reached XP level 9. HP: 76/81 MP: 8/8
  6749 | D:7      | Noticed Prince Ribbit
  6755 | D:7      | Killed Prince Ribbit
  7428 | D:8      | Noticed Erica
  7438 | D:8      | Killed Erica
  7851 | D:8      | Found a staircase to the Lair.
  7851 | D:8      | Noticed a troll
  7875 | D:8      | Killed a troll
  7876 | D:8      | Reached XP level 10. HP: 86/91 MP: 9/9
  8051 | D:8      | Reached skill level 1 in Shields
  8129 | D:8      | Reached ***** piety under Trog
  8950 | D:9      | Found a staircase to the Orcish Mines.
  9170 | D:9      | Found Zin's Purification Station.
  9170 | D:9      | Found a glowing silver altar of Zin.
  9532 | D:9      | Reached skill level 10 in Fighting
  9532 | D:9      | Reached skill level 10 in Axes
  9773 | D:10     | Entered Level 10 of the Dungeon
  9773 | D:10     | Found a sparkling altar of Nemelex Xobeh.
  9773 | D:10     | Found a sacrificial altar of Ru.
  9890 | D:10     | Found a shimmering altar of Xom.
  9897 | D:10     | Found a radiant altar of Vehumet.
  9966 | D:10     | Reached skill level 10 in Armour
 10093 | D:10     | Found a blossoming altar of Fedhas.
 10153 | D:10     | Found Boicas's Armour Boutique.
 10162 | D:10     | Bought a +2 pair of boots of flying for 301 gold pieces
 10433 | D:11     | Noticed a cyclops
 10448 | D:11     | Killed a cyclops
 10449 | D:11     | Reached XP level 11. HP: 70/101 MP: 10/10
 10755 | D:11     | Noticed a cyan ugly thing
 10761 | D:11     | Killed a cyan ugly thing
 10983 | D:11     | Reached skill level 5 in Shields
 11983 | D:11     | Noticed a two-headed ogre
 11993 | D:11     | Killed a two-headed ogre
 11994 | D:11     | Reached skill level 10 in Dodging
 12436 | D:11     | Found a hazy altar of Hepliaklqana.
 12984 | D:12     | Noticed a brown ugly thing
 12999 | D:12     | Killed a brown ugly thing
 13327 | D:12     | Reached XP level 12. HP: 66/111 MP: 11/11
 13934 | D:13     | Noticed a centaur warrior
 13939 | D:13     | Noticed a two-headed ogre
 13940 | D:13     | Received a gift from Trog
 13944 | D:13     | Killed a centaur warrior
 13947 | D:13     | Killed a two-headed ogre
 14325 | D:13     | Identified the amulet "Joewa" {Acrobat rElec}
 14742 | D:13     | Noticed a boulder beetle
 14770 | D:13     | Killed a boulder beetle
 15634 | D:14     | Noticed Frances
 15656 | D:14     | HP: 2/113 [Frances/iron shot (31)]
 15656 | D:14     | Slain by Frances

Illustrated notes

Levels and vault maps discovered:
D:1:      reono_arrival_forest_river, layout_basic, nrook_mini_vaults,
          minmay_pentomino_v4
D:2:      layout_basic, dreamdust_ecumenical_altar_grove
D:3:      layout_loops_cross, mainiacjoe_overflow_two_lobes, minitemple,
          minmay_strange_pillars, uniq_natasha, uniq_ijyb, uniq_robin
D:4:      layout_basic, st_stairs_4, chequers_big_river
D:5:      layout_gridville, minmay_temple_entry_fiery
D:6:      layout_gridville, bloody_makhleb, lemuel_tele_altar,
          overflow_temple_1_default
D:7:      layout_cave_pods, uniq_prince_ribbit1
D:8:      layout_basic, erik_lair_island, uniq_erica
D:9:      layout_roguey, zin_purify, orc_0_dummy, kennysheep_generic_room_15
D:10:     layout_roguey, amethyst_overflow_temple_binary, fedhas_ov_isle_minmay,
          grunt_temple_overflow_open, serial_shops, nicolae_shop_waterfront,
          corexii_leaking_fountain
D:11:     kennysheep_town, serial_shops
D:12:     layout_loops_cross
D:13:     layout_gridville
D:14:     layout_loops_corners, ximxim_vaults_locker_room, columned_hall_lemuel,
          uniq_frances

Skill      XL: |  1  2  3  4  5  6  7  8  9 10 11 12 |
---------------+-------------------------------------+-----
Fighting       | 4 5 6 7 9 10 11 12 | 12.4
Axes           | 4 5 6 7 9 10 11 12 | 12.5
Armour         | 3 4 5 6 7 9 10 11 12 | 12.2
Dodging        | 3 4 5 6 8 9 10 11 | 11.2
Shields        | 4 7 8 |  8.3

Action                     |  1- 3 |  4- 6 |  7- 9 | 10-12 || total
---------------------------+-------+-------+-------+-------++-------
  Melee: Hand axe          |    65 |   140 |    91 |       ||   296
         Headbutt          |    10 |    24 |    54 |   134 ||   222
         Punch             |       |     2 |     5 |       ||     7
         War axe           |       |       |   184 |   524 ||   708
  Throw: Dart              |       |       |    13 |     4 ||    17
 Invoke: Berserk           |       |     2 |     5 |    13 ||    20
 Armour: Chain mail        |    29 |    71 |   102 |       ||   202
         Plate armour      |       |       |    15 |   258 ||   273
  Dodge: Dodged            |    34 |    64 |   146 |   251 ||   495
  Block: Buckler           |       |       |       |   145 ||   145
